 Dungeon Crawl Stone Soup version 0.31-a0-845-g9abc20d24f (webtiles) character file.

Game seed: 13981255854304308602

121 pop123321pop the Cudgeller (level 4, -1/58 HPs)
             Began as a Minotaur Berserker on Oct 2, 2023.
             Was a Believer of Trog.
             Succumbed to Ijyb's poison
             ... on level 3 of the Dungeon.
             The game lasted 00:02:42 (1678 turns).

pop123321pop the Cudgeller (Minotaur Berserker)     Turns: 1678, Time: 00:02:43

Health: -1/58      AC:  5    Str: 21    XL:     4   Next: 77%
Magic:  3/3        EV: 11    Int:  4    God:    Trog [**....]
Gold:   82         SH:  0    Dex: 12    Spells: 3/3 levels left

rFire   . . .        b - +6 club
rCold   . . .        (no shield)
rNeg    . . .        n - +0 ring mail
rPois   .            (helmet restricted)
rElec   .            (no cloak)
rCorr   .            (no gloves)
SInv    +            (no boots)
Will    .....        (no amulet) Stlth
                     f - ring of see invisible
HPRegen 0.29/turn    (no ring)
MPRegen 0.08/turn

%: no passive effects
@: berserking (expiring), lethally poisoned (-1 -> -19), very quick
A: horns 2, retaliatory headbutt
a: Renounce Religion, Berserk, Trog's Hand


You were on level 3 of the Dungeon.
You worshipped Trog.
Trog was pleased with you.
You visited 1 branch of the dungeon, and saw 3 of its levels.

You collected 82 gold pieces.

Inventory:

Hand Weapons
 b - a +6 club (weapon)
Armour
 n - a +0 ring mail (worn)
Jewellery
 f - a ring of see invisible (left hand)
 i - a ring of fire
Scrolls
 d - a scroll of enchant armour {unknown}
 e - a scroll of teleportation
 k - a scroll of revelation {unknown}
 l - a scroll of identify {unknown}
Potions
 c - a potion of mutation {unknown}
 g - 2 potions of might {unknown}
 h - a potion of haste {unknown}
 m - a potion of ambrosia {unknown}


   Skills:
 - Level 3.6 Fighting
 + Level 6.7 Maces & Flails
 - Level 2.4 Armour
 - Level 2.1 Dodging


You had 3 spell levels left.
You didn't know any spells.
Your spell library was empty.

Dungeon Overview and Level Annotations

Branches:
Dungeon (3/15)

Altars:


Innate Abilities, Weirdness & Mutations

You have a pair of horns on your head.
You reflexively headbutt those who attack you in melee.


Message History

You are more poisoned.
You hit Ijyb but do no damage. Your headbutt misses Ijyb.
Ijyb is moderately wounded.
You feel very sick.
Ijyb hits you with a +2 dagger of venom.
You hit Ijyb but do no damage.
Ijyb is moderately wounded.
You feel very sick.
Ijyb screams, "You nasty!
Big nasty!"
Ijyb closely misses you.
You are too injured to fight recklessly!
You are too injured to fight recklessly!
You are too injured to fight recklessly!
A red film seems to cover your vision as you go berserk!
You feel yourself moving faster!
You feel mighty!
You feel very sick.
Ijyb hits you with a +2 dagger of venom!
* * * LOW HITPOINT WARNING * * *
You are lethally poisoned!
You hit Ijyb.
Ijyb is moderately wounded.
* * * LOW HITPOINT WARNING * * *
You feel very sick.
You hit Ijyb. Your headbutt misses Ijyb.
Ijyb is severely wounded.
* * * LOW HITPOINT WARNING * * *
You feel very sick. Ijyb hits you but does no damage.
You are more poisoned.
You sock Ijyb!
You kill Ijyb!
Trog accepts your kill.
* * * LOW HITPOINT WARNING * * *
You feel very sick.
* * * LOW HITPOINT WARNING * * *
You feel very sick.
Items here: ) / [ †.
You are too berserk!
You feel a strong urge to attack something.
You die...

# #<## #.# ## #..# #.#
.# .# ##.# #.# .# . .#
#.# #.# !# .# .## #.#
#.# #.##$## ..## #.#
#.# .......
#..#####.###.#
##.......
##.........#.#
#).......
###.......#.###@.......
#..........##........
#.......#............
#####..##............
#........#.......
#.###............
#.......#........
#..<....#........
#.......#........


There were no monsters in sight!

Vanquished Creatures
  Jessica (D:2)
  Ijyb (D:3)
  2 adders (D:2)
  A dart slug (D:1)
  2 bats
  5 endoplasms
  2 giant cockroaches
  4 goblins
  8 hobgoblins
  4 jackals (D:1)
  3 quokkas
  5 ball pythons
  2 frilled lizards
  4 kobolds
  6 rats
50 creatures vanquished.

Notes
Turn   | Place    | Note
-------+----------+-------------------------------------------
     0 | D:1      | pop123321pop the Minotaur Berserker began the quest for the
                  | Orb.
     0 | D:1      | Reached XP level 1. HP: 19/19 MP: 0/0
    26 | D:1      | Reached skill level 4 in Maces & Flails
    56 | D:1      | Reached XP level 2. HP: 26/26 MP: 1/1
   442 | D:1      | Reached skill level 5 in Maces & Flails
   477 | D:1      | Reached XP level 3. HP: 25/31 MP: 2/2
   523 | D:1      | Reached ** piety under Trog
   779 | D:2      | Noticed Jessica
   790 | D:2      | Killed Jessica
   981 | D:2      | Reached XP level 4. HP: 39/39 MP: 3/3
  1008 | D:2      | Reached skill level 6 in Maces & Flails
  1667 | D:3      | Noticed Ijyb
  1676 | D:3      | Killed Ijyb
  1677 | D:3      | HP: 2/58 [poisoned by Ijyb]
  1678 | D:3      | Succumbed to Ijyb's poison

Illustrated notes

Levels and vault maps discovered:
D:1:      eino_arrival_druids_welcome, layout_loops_cross, st_stairs_7
D:2:      layout_basic, uniq_jessica
D:3:      layout_rooms, nicolae_uskayaw_en_pointe, okawaru_ov_weapons_minmay,
          nrook_uturn, minmay_quadrilaterals, uniq_natasha,
          uniq_crazy_yiuf_cottage, uniq_ijyb

Skill      XL: |  1  2  3  4 |
---------------+-------------+-----
Maces & Flails | 4 5 6 |  6.7
Fighting       | |  3.6
Armour         | |  2.4
Dodging        | |  2.1

Action                     |  1- 3 |  4- 6 || total
---------------------------+-------+-------++-------
  Melee: Mace              |    54 |       ||    54
         Headbutt          |     7 |     3 ||    10
         Punch             |     2 |       ||     2
         Club              |     8 |    31 ||    39
 Invoke: Berserk           |       |     1 ||     1
    Use: Scroll            |       |     2 ||     2
 Armour: Animal skin       |    21 |       ||    21
         Scale mail        |     9 |    13 ||    22
         Ring mail         |       |     5 ||     5
  Dodge: Dodged            |    28 |    13 ||    41

Table legend: (Time is in decaauts)
 A = Elapsed time spent in this place.
 B = Non-inter-level travel time spent in this place.
 C = Inter-level travel time spent in this place.
 D = Time resting spent in this place.
 E = Time spent auto-exploring this place.
 F = Levels seen in this place.
 G = Mean time per level.
                   A        B        C        D        E       F      G
               +--------+--------+--------+--------+--------+-----+--------+
         Total |   1683 |   1504 |    179 |     96 |   1120 |   3 |  561.0 |
       Dungeon |   1683 |   1504 |    179 |     96 |   1120 |   3 |  561.0 |
               +--------+--------+--------+--------+--------+-----+--------+

Top non-repeatable levels by time:
     D:2: 819 daAuts
     D:1: 740 daAuts
     D:3: 123 daAuts
